 Dungeon Crawl Stone Soup version 0.24.0-37-gcf1ca852f1 (webtiles) character file.

Game seed: 14990995953388293441, levelgen mode: deterministic

164 Belius the Skirmisher (level 5, -10/42 HPs)
             Began as a Formicid Abyssal Knight on Dec 5, 2019.
             Was a Believer of Lugonu.
             Blown up by Ijyb (28 damage)
             ... with a disintegration bolt
             ... on level 4 of the Dungeon.
             The game lasted 00:05:26 (3193 turns).

Belius the Skirmisher (Formicid Abyssal Knight)     Turns: 3193, Time: 00:05:26

Health: -10/42     AC:  9    Str: 18    XL:     5   Next: 73%
Magic:  7/7        EV: 12    Int: 16    God:    Lugonu [**....]
Gold:   214        SH:  0    Dex: 15    Spells: 4/4 levels left

rFire    . . .     SeeInvis +   a - +1 falchion
rCold    . . .     Gourm    .   (no shield)
rNeg     . . .     Faith    .   p - +0 chain mail
rPois    .         Spirit   .   (helmet unavailable)
rElec    .         Reflect  .   (no cloak)
rCorr    .         Harm     .   (no gloves)
MR       .....                  (no boots)
Stlth    ..........             (no amulet)
HPRegen  0.14/turn              (no ring)
MPRegen  0.10/turn              (no ring)

@: brilliant, agile
A: permanent stasis, dig shafts and tunnels, four strong arms, antennae 3
a: Dig, Shaft Self, Depart the Abyss, Bend Space, Renounce Religion


You were on level 4 of the Dungeon.
You worshipped Lugonu.
Lugonu was pleased with you.
You were hungry.

You visited 1 branch of the dungeon, and saw 4 of its levels.
You visited the Abyss 1 time.

You collected 214 gold pieces.

Inventory:

Hand Weapons
 a - a +1 falchion (weapon)
Armour
 p - a +0 chain mail (worn)
Jewellery
 i - a cursed ring of attention {unknown}
 l - an uncursed ring of stealth {unknown}
Scrolls
 b - 2 scrolls of fog {unknown}
 d - a scroll of identify {unknown}
 e - a scroll of enchant armour {unknown}
 g - a scroll of immolation
 h - a scroll of enchant weapon {unknown}
 j - 3 scrolls of teleportation {unknown}
 k - a scroll of remove curse {unknown}
Potions
 f - a potion of brilliance
 m - a potion of resistance {unknown}
 n - a potion of agility
 o - a potion of haste
 r - a potion of heal wounds {unknown}
Comestibles
 c - 3 rations


   Skills:
 + Level 4.1 Fighting
 + Level 4.0 Long Blades
 + Level 3.2 Armour
 - Level 1.1 Dodging
 + Level 0.9 Stealth
 + Level 2.7 Invocations


You had 4 spell levels left.
You didn't know any spells.
Your spell library was empty.

Dungeon Overview and Level Annotations

Branches:
Dungeon (4/15)
 Temple: D:4-7

Altars:
Vehumet

Annotations:
D:4 Ijyb


Innate Abilities, Weirdness & Mutations

You cannot be hasted, slowed, berserked, paralysed or teleported.
You can dig through walls and to a lower floor.
Your four strong arms can wield two-handed weapons with a shield.
You have a pair of large antennae on your head. (SInv)


Message History

You closely miss Ijyb.
Ijyb is moderately wounded.
Ijyb hits you but does no damage.
It was a potion of brilliance.
You feel clever all of a sudden. Ijyb hits you but does no damage.
It was a potion of agility.
You feel agile all of a sudden. Ijyb hits you but does no damage.
You closely miss Ijyb.
Ijyb is moderately wounded.
Ijyb closely misses you.
You hit Ijyb.
Ijyb is moderately wounded.
Ijyb closely misses you.
You hit Ijyb.
Ijyb is heavily wounded.
Ijyb zaps a wand.
You are blasted!
Ouch! That really hurt!
You die...

..........# ....
..........## #..#
#........#.###..#
#.......###.##..#
#.#....## ##.#..#
# ##..# ##.<.#
#... #.#.## #...
#.##.#########
... ..#
#.@g....... .#(
#.##..#.### .. #
#.# .## . ... ##
#... ##.# #+#{


You could see Ijyb.

Vanquished Creatures
  A howler monkey zombie (D:2)
  3 gnolls (D:3)
  4 adders
  2 oozes
  6 worms
  A leopard gecko (D:2)
  5 giant cockroaches
  10 goblins
  9 hobgoblins
  8 kobolds
  A quokka (D:3)
  A ball python (D:3)
  3 bats
  5 frilled lizards
  7 rats
66 creatures vanquished.

Notes
Turn   | Place    | Note
-------+----------+-------------------------------------------
     0 | Abyss:1  | Belius the Formicid Abyssal Knight began the quest for the
                  | Orb.
     0 | Abyss:1  | Reached XP level 1. HP: 18/18 MP: 2/2
    36 | Abyss:1  | Noticed an ancient zyme
    37 | D:1      | Escaped the Abyss
   219 | D:1      | Reached XP level 2. HP: 13/24 MP: 3/3
   370 | D:1      | Reached * piety under Lugonu
   919 | D:1      | Reached XP level 3. HP: 24/30 MP: 3/5
  1410 | D:2      | Reached XP level 4. HP: 33/37 MP: 6/6
  1727 | D:2      | Found a radiant altar of Vehumet.
  2326 | D:3      | Reached XP level 5. HP: 13/42 MP: 7/7
  2429 | D:3      | Reached skill level 1 in Dodging
  2551 | D:3      | Reached ** piety under Lugonu
  3164 | D:4      | Noticed Ijyb
  3193 | D:4      | Blown up by Ijyb

Levels and vault maps discovered:
D:1:      co_arrival_two_rings, layout_basic, minmay_curled_crystal
D:2:      layout_basic, lemuel_coloured_pillars_altar, first_ration
D:3:      layout_loops_ring, minmay_misc_feat_doors, corexii_hall_statues_t
D:4:      layout_loops_ring, xom_redecorated, minmay_temple_entry_sparse_star,
          serial_shops, nicolae_shop_trees, kennysheep_mini_moat, serial_forest,
          infiniplex_forest_end_2, infiniplex_forest_clump_double,
          infiniplex_forest_lined_3, infiniplex_forest_lined_2,
          infiniplex_forest_straight_1, infiniplex_forest_clump_curved,
          infiniplex_forest_clump_small, infiniplex_forest_clump_long,
          grunt_decor_arrowhead, uniq_ijyb

Skill      XL: |  1  2  3  4  5 |
---------------+----------------+-----
Long Blades    | 3 4 |  4.0
Fighting       | 4 |  4.1
Armour         | 3 |  3.2
Dodging        | 1 |  1.1
Stealth        | |  0.9
Invocations    | |  2.7

Action                   |  1- 3 |  4- 6 || total
-------------------------+-------+-------++-------
Melee: Falchion          |    80 |   166 ||   246
Invok: Depart the Abyss  |     1 |       ||     1
 Abil: Dig               |       |     1 ||     1
  Use: Scroll            |     1 |       ||     1
       Potion            |       |     6 ||     6
 Stab: Invisible         |       |     3 ||     3
  Eat: Chunk             |     2 |     5 ||     7
Armor: Leather armour    |    15 |       ||    15
       Ring mail         |    12 |       ||    12
       Chain mail        |       |    75 ||    75
       Scale mail        |       |     4 ||     4
Dodge: Dodged            |    54 |    76 ||   130
       Rpst.: Falchion   |    14 |    27 ||    41
